 Dungeon Crawl Stone Soup version 0.29.1-1-gd02db6906a (console) character file.

Game seed: 17346554600702038521

2324 erker the Skirmisher (level 9, 0/69 HPs)
             Began as a Spriggan Hunter on Oct 14, 2022.
             Was a Follower of Okawaru.
             Slain by a killer bee (5 damage)
             ... on level 7 of the Dungeon.
             The game lasted 00:27:05 (7388 turns).

erker the Skirmisher (Spriggan Hunter)              Turns: 7388, Time: 00:27:06

Health: 0/69       AC:  6    Str:  7    XL:     9   Next: 19%
Magic:  9/10       EV: 21    Int: 11    God:    Okawaru [*.....]
Gold:   209        SH:  0    Dex: 22    Spells: 8/8 levels left

rFire   . . .      SeeInvis +   b - +4 hand axe (vamp)
rCold   . . .      Faith    .   (no shield)
rNeg    . . .      Spirit   .   I - +0 acid dragon scales
rPois   +          Reflect  .   (helmet restricted)
rElec   .          Harm     .   (no cloak)
rCorr   +          Rampage  .   (gloves unavailable)
Will    ++...                   (boots unavailable)
Stlth   ..........              (no amulet)
HPRegen 0.21/turn               k - ring of willpower
MPRegen 0.12/turn               y - ring of poison resistance

@: berserking, very quick
A: very small, no large weapons, unfitting armour, see invisible, speed 3
a: Renounce Religion, Heroism


You were on level 7 of the Dungeon.
You worshipped Okawaru.
Okawaru was aware of your devotion.
You visited 2 branches of the dungeon, and saw 8 of its levels.
You also visited: Sewer.

You collected 279 gold pieces.
You spent 70 gold pieces at shops.

Inventory:

Hand Weapons
 a - a +0 shortbow
 b - a +4 vampiric hand axe (weapon)
 e - a +2 dagger of draining
Armour
 c - a +0 robe
 I - +0 acid dragon scales (worn)
Jewellery
 k - a ring of willpower (left hand)
 t - a ring of protection from cold
 y - a ring of poison resistance (right hand)
 z - a ring of resist corrosion
Wands
 A - a wand of roots (14)
 E - a wand of flame (23)
 H - a wand of acid (3)
Scrolls
 d - 2 scrolls of fog {unknown}
 f - a scroll of brand weapon {unknown}
 g - 2 scrolls of vulnerability {unknown}
 h - 4 scrolls of teleportation
 n - 5 scrolls of enchant armour
 q - 2 scrolls of immolation
 u - a scroll of silence {unknown}
 v - a scroll of amnesia {unknown}
 w - 3 scrolls of torment {unknown}
 B - a scroll of magic mapping {unknown}
 C - a scroll of enchant weapon {unknown}
 G - a scroll of summoning {unknown}
 K - a scroll of blinking {unknown}
Potions
 i - 3 potions of flight
 j - a potion of berserk rage
 l - 4 potions of attraction
 m - a potion of invisibility
 o - 2 potions of might
 p - 2 potions of lignification {unknown}
 r - 2 potions of brilliance
 s - a potion of ambrosia {unknown}
 x - 2 potions of mutation {unknown}
 D - a potion of haste {unknown}
 F - a potion of degeneration {unknown}
 J - a potion of curing {unknown}


   Skills:
 + Level 4.8 Fighting
 + Level 10.5 Ranged Weapons
 + Level 7.4 Dodging
 - Level 1.5 Stealth


You had 8 spell levels left.
You didn't know any spells.
Your spell library contained the following spells:

 Spells                   Type           Power      Damage    Failure   Level
 Static Discharge         Conj/Air       0%         3-3/arc   71%         2
 Anguish                  Hex/Necr       0%         N/A       100%        4
 Dispel Undead            Necr           0%         3d6       100%        4
 Sticky Flame             Conj/Fire      0%         2d3       100%        4
 Enfeeble                 Hex            0%         N/A       100%        7
 Orb of Destruction       Conj           0%         9d5       100%        7
 Summon Guardian Golem    Hex/Summ       Unusable   N/A       N/A         3
 Spellforged Servitor     Conj/Summ      Unusable   N/A       N/A         7

Dungeon Overview and Level Annotations

Branches:
Dungeon (7/15)             Temple (1/1) D:6           Sewer (visited)

Altars:
Ashenzari
Dithmenos
Fedhas
Gozag
Kikubaaqudgha
Makhleb
Okawaru
Ru
Sif Muna
Trog
Uskayaw
Vehumet
Xom
Yredelemnul
The Shining One

Shops:
D:2 !?(*

Annotations:
D:5 3 runed translucent doors, MisterFreud's ghost, weakling GnDe; groll's ghost, novice OpCj; t4s4d4r's ghost, novice DsEE


Innate Abilities, Weirdness & Mutations

You are very small and have problems with some larger weapons.
You are too small for most types of armour.
You have supernaturally acute eyesight. (SInv)
You cover ground extremely quickly. (Speed+++)


Message History

You shoot an arrow.
The arrow hits Joseph but does no damage.
Joseph is severely wounded.
Joseph shoots a sling bullet.
The sling bullet hits you!
Fire: a) +0 shortbow
Press: ? - help, Q - select action, (/) - cycle Shift-Dir - straight line, f/p - killer bee
Aim: a killer bee (48% to hit)
You shoot an arrow. The arrow barely misses Joseph.
The arrow closely misses the killer bee.
Fire: a) +0 shortbow
Press: ? - help, Q - select action, (/) - cycle Shift-Dir - straight line, f/p - killer bee
Aim: a killer bee (48% to hit)
You shoot an arrow. The arrow hits Joseph!
Joseph is almost dead.
Joseph shoots a sling bullet.
The sling bullet hits you!
Joseph shoots a sling bullet.
The sling bullet misses you.
Fire: a) +0 shortbow
Press: ? - help, Q - select action, (/) - cycle Shift-Dir - straight line, f/p - killer bee
Aim: a killer bee (48% to hit)
You shoot an arrow. The arrow barely misses Joseph.
The arrow closely misses the killer bee.
Joseph shoots a sling bullet.
The sling bullet hits you!
* * * LOW HITPOINT WARNING * * *
Fire: a) +0 shortbow
Press: ? - help, Q - select action, (/) - cycle Shift-Dir - straight line, f/p - killer bee
Aim: a killer bee (48% to hit)
You shoot an arrow. The arrow hits Joseph!
You kill Joseph!
Okawaru is honoured by your kill.
Your Dodging skill increases to level 7!
Okay, then.
Unknown command.
Unknown command.
You feel a sense of dread.
b - a +4 vampiric hand axe (weapon)
The killer bee closely misses you.
A red film seems to cover your vision as you go berserk!
You feel yourself moving faster!
You feel mighty! The killer bee misses you. The killer bee stings you.
You die...

.......(.###
.......(...#
.###......#
........<..######
#####.#..........
#.##..#######
#.....###
####....######.#
#.@..>..>....#
#y###.########
#)# #.# #.# #.#
#.# #.# #.# #.#
#.# #.# #.# #.#
#.#


You could see a killer bee.

Vanquished Creatures
  Joseph (D:7)
  Maggie (D:6)
  Menkaure (D:6)
  A sky beast (D:6)
  An ice beast (D:6)
  2 centaurs
  2 bullfrogs (Sewer)
  A scorpion (D:5)
  4 killer bees (D:7)
  2 electric eels (D:6)
  2 jellies (D:4)
  3 orc priests
  A hound (D:6)
  4 iguanas
  9 orc wizards
  11 adders
  6 river rats (Sewer)
  2 white imps
  An ufetubus (D:2)
  2 worms
  3 dart slugs
  20 orcs
  8 bats
  9 endoplasms
  6 giant cockroaches
  2 goblins
  10 hobgoblins
  5 jackals
  4 kobolds
  8 quokkas
  19 ball pythons
  6 frilled lizards
  A goblin skeleton (D:4)
  2 goblin zombies (D:4)
  4 hobgoblin zombies (D:4)
  A kobold skeleton (D:4)
  2 kobold zombies (D:4)
  2 orc skeletons (D:4)
  30 rats
199 creatures vanquished.

Vanquished Creatures (others)
  3 plants (D:6)
3 creatures vanquished.

Grand Total: 202 creatures vanquished

Notes
Turn   | Place    | Note
-------+----------+-------------------------------------------
     0 | D:1      | erker the Spriggan Hunter began the quest for the Orb.
     0 | D:1      | Reached XP level 1. HP: 10/10 MP: 2/2
    93 | D:1      | Reached XP level 2. HP: 15/15 MP: 3/3
   578 | D:2      | Reached XP level 3. HP: 18/18 MP: 4/4
   594 | D:2      | Found Gismeyg's Weapon Shoppe.
   651 | D:2      | Reached skill level 5 in Ranged Weapons
   706 | D:2      | Found Abrop's Magic Scroll Shoppe.
   714 | D:2      | Bought a scroll of noise for 10 gold pieces
   714 | D:2      | Bought 3 scrolls of identify for 60 gold pieces
   793 | D:2      | Found Tisi's Assorted Antiques.
   905 | D:2      | Found Zawegg's Distillery.
  1362 | D:3      | Reached XP level 4. HP: 23/23 MP: 5/5
  1421 | D:3      | Reached skill level 6 in Ranged Weapons
  1835 | D:3      | Reached XP level 5. HP: 11/26 MP: 6/6
  2200 | D:3      | Found a shadowy altar of Dithmenos.
  2536 | D:4      | Reached skill level 7 in Ranged Weapons
  2589 | D:4      | Found a broken altar of Ashenzari.
  2641 | D:4      | Reached XP level 6. HP: 13/30 MP: 7/7
  2919 | D:4      | Found a blossoming altar of Fedhas.
  3176 | D:4      | Reached skill level 8 in Ranged Weapons
  3283 | D:4      | Found a glowing golden altar of the Shining One.
  3436 | D:4      | Found a shimmering blue altar of Sif Muna.
  3436 | D:4      | Found a burning altar of Makhleb.
  3507 | D:5      | Entered Level 5 of the Dungeon
  3591 | D:5      | Reached XP level 7. HP: 23/35 MP: 8/8
  3767 | D:5      | Found a glowing drain.
  3778 | Sewer    | Entered a sewer
  4070 | Sewer    | Identified the +0 pair of gloves "Cony" {Regen+ Str+3 Dex+4
                  | Slay-6}
  4536 | D:5      | HP: 1/37 [centaur (1)]
  4540 | D:5      | Reached skill level 5 in Dodging
  5016 | D:5      | Found a runed translucent gate.
  5017 | D:5      | Found a runed translucent gate.
  5020 | D:5      | Found a runed translucent gate.
  5022 | D:5      | Noticed groll's ghost (novice OpCj)
  5022 | D:5      | Noticed t4s4d4r's ghost (novice DsEE)
  5022 | D:5      | Noticed MisterFreud's ghost (weakling GnDe)
  5306 | D:6      | Noticed Menkaure
  5314 | D:6      | Killed Menkaure
  5315 | D:6      | Reached XP level 8. HP: 42/42 MP: 9/9
  5617 | D:6      | Reached skill level 9 in Ranged Weapons
  5666 | D:6      | Identified the +0 pair of gloves "Raido" {Int+2}
  5849 | D:6      | Found a staircase to the Ecumenical Temple.
  5849 | D:6      | Noticed Maggie
  6002 | Temple   | Entered the Ecumenical Temple
  6235 | Temple   | Became a worshipper of Warmaster Okawaru
  6827 | D:6      | Killed Maggie
  6827 | D:6      | Reached * piety under Okawaru
  6828 | D:6      | Reached skill level 10 in Ranged Weapons
  7372 | D:7      | Noticed Joseph
  7375 | D:7      | Reached XP level 9. HP: 44/46 MP: 7/10
  7386 | D:7      | Killed Joseph
  7388 | D:7      | Slain by a killer bee

Illustrated notes

Levels and vault maps discovered:
D:1:      scummos_arrival_star, layout_rooms, st_stairs_7
D:2:      layout_loops_ring, serial_shops, nicolae_shop_bloodbath_and_beyond,
          nicolae_shop_temple_entry_statues_fountains, nicolae_shop_statue_plus,
          shop
D:3:      layout_loops_ring, nicolae_dithmenos_the_darkroom, kennysheep_donut,
          grunt_decor_mini_mirrors
D:4:      layout_basic, fedhas_altar_2, nicolae_tso_besieged_by_evil,
          gammafunk_temple_overflow_statue, kennysheep_mini
D:5:      layout_cave_pods, gammafunk_ghost_cemetery, gup_sewer_entry_spiral
D:6:      layout_cave_pools, minmay_temple_entry_trees, serial_bayou,
          serial_bayou_pond_c, serial_bayou_shore_b, serial_bayou_pond_b,
          serial_bayou_ford_a, grunt_decor_fettered,
          minmay_a_box_with_orc_wizards_in_it, uniq_maggie, uniq_menkaure
D:7:      layout_loops_ring, nicolae_qazlal_scattered_showers,
          general_overflow_altar, mainiacjoe_overflow_alcove_1,
          nicolae_hepliaklqana_hippocampus, nicolae_inconvenience_store,
          minivault_27, minmay_ruffians, uniq_duvessa, uniq_joseph
Temple:   hellmonk_temple_beads

Skill      XL: |  1  2  3  4  5  6  7  8  9 |
---------------+----------------------------+-----
Ranged Weapons | 5 6 7 8 10 | 10.5
Dodging        | 3 5 6 7 |  7.4
Fighting       | 2 4 |  4.8
Stealth        | |  1.5

Action                   |  1- 3 |  4- 6 |  7- 9 || total
-------------------------+-------+-------+-------++-------
Melee: Hand axe          |       |     5 |   126 ||   131
       Dagger            |       |     4 |     9 ||    13
       Punch             |       |       |     1 ||     1
 Fire: Shortbow          |   110 |   183 |   240 ||   533
Invok: Heroism           |       |       |     1 ||     1
Evoke: Wand              |       |       |     2 ||     2
  Use: Scroll            |       |       |    10 ||    10
       Potion            |       |       |     3 ||     3
 Stab: Invisible         |       |       |     2 ||     2
Armor: Robe              |     3 |     4 |    15 ||    22
Dodge: Dodged            |    22 |    33 |   246 ||   301
